 Dungeon Crawl Stone Soup version bcrawl-1.28 (webtiles) character file.

Game seed: 14969396572544979999

402598 LostNumber the Nimble (level 13, -1/90 HPs)
             Began as a Fairy Fighter on Nov 26, 2020.
             Was a High Priest of Okawaru.
             Engulfed by a cloud of freezing vapour (23 damage)
             ... in an ice cave.
             The game lasted 00:23:34 (15134 turns).

LostNumber the Nimble (Fairy Fighter)              Turns: 15134, Time: 00:23:35

Health: -1/90      AC: 13    Str: 14    XL:     13   Next: 24%
Magic:  21/21      EV: 25    Int: 22    God:    Okawaru [*****.]
Gold:   1595       SH: 30    Dex: 21    Spells: 12/12 levels left

rFire    . . .     SeeInvis +   I - +2 scimitar (flame)
rCold    . . .     Gourm    .   b - +0 medium shield
rNeg     . . .     Faith    .   (armour unavailable)
rPois    .         Spirit   .   P - +3 helmet of Rucumatzy {Int+5 Dex+4}
rElec    .         Reflect  +   o - +0 cloak
rCorr    .         Harm     .   j - +0 pair of gloves
MR       +....                  (no boots)
Stlth    ..........             E - +5 amulet of reflection
HPRegen  0.25/turn              F - +5 ring of intelligence
MPRegen  0.17/turn              L - ring "Kaylext" {SInv Stlth--}

@: flying evasively
A: small, magic attunement, unstealthy, unfitting armour, able to fly, AC/SH +7
a: Stop Flying, Heroism, Finesse, Renounce Religion


You were in an ice cave.
You worshipped Okawaru.
Okawaru was extremely pleased with you.
You were hungry.

You visited 2 branches of the dungeon, and saw 12 of its levels.
You also visited: Sewer and Ice Cave.

You collected 1625 gold pieces.
You spent 30 gold pieces at shops.

Inventory:

Hand Weapons
 a - a +0 rapier
 f - a +0 falchion
   (You took it off a kobold on level 1 of the Dungeon)
 q - a +1 dagger of venom
   (You took it off a goblin on level 2 of the Dungeon)
 I - a +2 scimitar of flaming (weapon)
   (You took it off Erica on level 1 of the Lair of Beasts)
Armour
 b - a +0 medium shield (worn)
 c - a +0 helmet
   (You found it on level 5 of the Dungeon)
 j - a +0 pair of gloves (worn)
   (You found it on level 1 of the Dungeon)
 o - a +0 cloak (worn)
   (You took it off Crazy Yiuf on level 3 of the Dungeon)
 J - a +0 helmet of intelligence
   (Okawaru gifted it to you on level 1 of the Lair of Beasts)
 P - the +3 helmet of Rucumatzy (worn) {Int+5 Dex+4}
   (Okawaru gifted it to you on level 3 of the Lair of Beasts)

   It affects your intelligence (+5).
   It affects your dexterity (+4).
Jewellery
 C - an uncursed ring of insulation
   (You found it on level 8 of the Dungeon)
 E - a +5 amulet of reflection (around neck)
   (You found it on level 9 of the Dungeon)
 F - a +5 ring of intelligence (left hand)
   (You found it on level 2 of the Lair of Beasts)
 H - an uncursed ring of positive energy
   (You found it on level 9 of the Dungeon)
 L - the ring "Kaylext" (right hand) {SInv Stlth--}
   (You found it on level 1 of the Lair of Beasts)

   [ring of attention]

   It lets you see invisible.
   It makes you much less stealthy.
Wands
 d - a wand of iceblast (9)
   (You found it on level 5 of the Dungeon)
 u - a wand of polymorph (14)
   (You took it off Ijyb on level 3 of the Dungeon)
 v - a wand of digging (7)
   (You found it on level 2 of the Lair of Beasts)
 x - a wand of acid (6)
   (You found it on level 1 of the Lair of Beasts)
 G - a wand of enslavement (5)
   (You found it on level 9 of the Dungeon)
Scrolls
 p - 4 scrolls of blinking
 s - 5 scrolls of fear
 y - 3 scrolls of magic mapping
 z - 2 scrolls of identify {@r1}
 A - 3 scrolls of torment {!r}
 B - a scroll of enchant armour
 K - 6 scrolls of teleportation {@r4}
 M - 7 scrolls of remove curse {@r2}
 O - a scroll of fog {unknown}
Potions
 g - a potion of magic
 h - 4 potions of mutation {unknown}
 i - 3 potions of brilliance
 k - 6 potions of curing {@q1}
 l - a potion of cancellation {unknown}
 m - a potion of flight
 n - 4 potions of heal wounds {@q2}
 r - a potion of ambrosia
 t - 2 potions of lignification {!q}
 w - 2 potions of haste {unknown}
 D - a potion of invisibility {unknown}
Comestibles
 e - 21 rations {!d!d}


   Skills:
 + Level 8.9 Fighting
 - Level 2.0(8.6) Short Blades
 * Level 11.0 Long Blades
 + Level 12.4 Dodging
 + Level 11.5 Shields
 + Level 8.2 Invocations


You had 12 spell levels left.
You didn't know any spells.
Your spell library contained the following spells:

 Spells                   Type           Power        Failure   Level  Hunger
 Iskenderun's Battlesphe  Conj/Chrm      #.......     100%        5    None
 Piercing Shot            Chrm           #.........   100%        5    None
 Silence                  Hex/Air        #.........   100%        5    None
 Deflect Missiles         Chrm/Air       #.........   100%        6    None
 Infestation              Hex/Tmut/Pois  #........    100%        6    None
 Discord                  Hex            #.........   100%        8    None


Dungeon Overview and Level Annotations

Branches:
Dungeon (9/12)             Temple (0/1) D:5            Lair (3/6) D:8
 Shoals (0/3) Lair:2       Spider (0/3) Lair:3          Orc (0/1) D:8

Altars:
Ashenzari
Gozag
Hepliaklqana
Kikubaaqudgha
Lugonu
Okawaru
Qazlal
Ru
Sif Muna
Wu Jian
Yredelemnul
The Shining One
Beogh

Shops:
D:6 ?*


Innate Abilities, Weirdness & Mutations

Your spells do not cause hunger and MP costs are reduced by 1.
Your bright wings attract enemies. (Stealth-)
You cannot fit into any form of body armour.
Your shimmering scales are hard and can block incoming attacks. (AC +7, SH +7)
You are small and have problems with some larger weapons.
You can fly continuously.


Message History

No target in view!
An ice devil comes into view.
The ice devil moves out of view.
An ice devil comes into view.
There are monsters nearby!
No reachable target in view!
Unknown command.
You closely miss the ice devil. You block the ice devil's attack.
You hit the ice devil but do no damage. The ice devil completely misses you.
You barely miss the ice devil. You block the ice devil's attack. x2
You hit the ice devil. You burn the ice devil. The ice devil misses you.
You block the ice devil's attack.
You hit the ice devil but do no damage. You block the ice devil's attack. x2
You hit the ice devil. You burn the ice devil.
You block the ice devil's attack.
You closely miss the ice devil. You block the ice devil's attack. x2
You completely miss the ice devil. You block the ice devil's attack. x2
You hit the ice devil. You burn the ice devil.
You block the ice devil's attack. The ice devil barely misses you.
You hit the ice devil. You burn the ice devil.
You block the ice devil's attack.
The ice devil hits you but does no damage.
You slash the ice devil! You burn the ice devil!
You kill the ice devil!
Okawaru accepts your kill.
Your Long Blades skill increases to level 11!
You block the ice devil's attack.
You barely miss the ice devil. The ice devil closely misses you.
You barely miss the ice devil. You block the ice devil's attack.
You hit the ice devil. You burn the ice devil.
You block the ice devil's attack.
You closely miss the ice devil. You block the ice devil's attack.
You hit the ice devil. You burn the ice devil.
You block the ice devil's attack.
You hit the ice devil but do no damage. You block the ice devil's attack.
You hit the ice devil. You burn the ice devil. The ice devil misses you.
You hit the ice devil but do no damage.
You are engulfed in freezing vapours.
You block the ice devil's attack.
You hit the ice devil but do no damage.
You are engulfed in freezing vapours.
You block the ice devil's attack.
You slash the ice devil! You burn the ice devil.
You are engulfed in freezing vapours.
* * * LOW HITPOINT WARNING * * *
You block the ice devil's attack.
You are engulfed in freezing vapours.
* * * LOW HITPOINT WARNING * * *
You block the ice devil's attack.
Unknown command.
You are engulfed in freezing vapours.
You die...

§§##.## #.......# §§#..#
#...##..# §§§§§..#
#..###...
#..####.§°#§☼.#
##.#.##.. ..§§§○§. #...#
##....#.. #..§☼§§§
#..°###....##..
#§°§#○.###....##....#..#
#.§#§##§§.§..##)..##..#
#§○#4#@§§§§#..##).#..##
##§§§§§§☼###..####..#
#.§○☼§§§§# #...###.##
#..§§☼§☼## ##..#..##
##§§§§°.# ##....#
#§.§§§## ##..## ##...##
#### ##.## ###


There were no monsters in sight!

Vanquished Creatures
  3 hydras
  Erica (Lair:1)
  A deep troll (D:8)
  Pikel (D:6)
  A deep elf mage (D:8)
  6 elephants
  A merfolk siren (Lair:2)
  2 ice statues (IceCv)
  2 black mambas
  Joseph (D:7)
  3 cane toads
  A rime drake (Lair:2)
  2 komodo dragons
  5 ice devils (IceCv)
  2 trolls (D:8)
  A tengu conjurer (D:8)
  Prince Ribbit (D:6)
  5 blink frogs (Lair:2)
  7 hippogriffs
  Sigmund (D:6)
  A wyvern (Lair:1)
  A wraith (D:8)
  16 yaks
  Grum (D:8)
  Eustachio (D:6)
  2 hungry ghosts (D:8)
  A steam dragon (D:8)
  7 crocodiles
  2 water moccasins
  6 porcupines
  9 ice beasts
  5 orc warriors
  2 slaves (D:6)
  3 black bears
  4 sky beasts
  A phantom (D:8)
  5 ogres
  25 wolves
  3 centaurs
  5 bullfrogs
  A big kobold (D:6)
  A wyvern zombie (D:8)
  A wyvern skeleton (D:7)
  3 scorpions
  A water moccasin skeleton (D:4)
  A killer bee (D:9)
  A howler monkey (D:8)
  2 electric eels (D:8)
  5 crimson imps
  A quasit (D:4)
  8 hounds
  A bullfrog skeleton (D:8)
  4 orc priests
  Crazy Yiuf (D:3)
  5 centaur skeletons
  Jessica (D:2)
  Ijyb (D:3)
  2 iguanas
  7 orc wizards
  5 worker ants
  A hound skeleton (D:4)
  2 worker ant zombies
  A gnoll (D:8)
  9 adders
  2 river rats (D:4)
  2 shadow imps
  13 white imps (IceCv)
  5 oozes
  2 ufetubi (IceCv)
  An adder zombie (D:8)
  An adder skeleton (D:5)
  11 worms
  2 dart slugs
  5 leopard geckos
  32 orcs
  5 giant cockroaches
  6 goblins
  8 hobgoblins
  9 jackals
  16 kobolds
  4 quokkas
  2 ball pythons (Sewer)
  7 bats
  4 frilled lizards
  13 rats
  A fungus (D:3)
363 creatures vanquished.

Vanquished Creatures (others)
  Menkaure (D:6)
  A wolf (Lair:2)
  2 white imps (IceCv)
  2 ufetubi (IceCv)
  2 bushes (D:8)
  2 fungi
  A plant (Lair:2)
11 creatures vanquished.

Grand Total: 374 creatures vanquished

Notes
Turn   | Place    | Note
-------+----------+-------------------------------------------
     0 | D:1      | LostNumber the Fairy Fighter began the quest for the Orb.
     0 | D:1      | Reached XP level 1. HP: 15/15 MP: 3/3
   196 | D:1      | Reached XP level 2. HP: 19/20 MP: 4/4
   382 | D:1      | Reached skill level 1 in Long Blades
   462 | D:1      | Reached XP level 3. HP: 25/25 MP: 5/5
  1638 | D:2      | Reached XP level 4. HP: 31/31 MP: 6/6
  1701 | D:2      | Noticed Jessica
  1709 | D:2      | Killed Jessica
  2190 | D:3      | Found an ancient bone altar of Kikubaaqudgha.
  2282 | D:3      | Noticed an ogre
  2292 | D:3      | Killed an ogre
  2292 | D:3      | Reached skill level 5 in Dodging
  2292 | D:3      | Reached XP level 5. HP: 36/36 MP: 7/7
  2408 | D:3      | Noticed Ijyb
  2436 | D:3      | Killed Ijyb
  2436 | D:3      | Reached XP level 6. HP: 37/42 MP: 8/8
  2827 | D:3      | Found a runed door.
  2831 | D:3      | Noticed Crazy Yiuf
  2845 | D:3      | Killed Crazy Yiuf
  2940 | D:3      | Reached skill level 5 in Shields
  3225 | D:4      | Found a glowing drain.
  3230 | Sewer    | Entered a sewer
  3240 | Sewer    | Reached XP level 7. HP: 43/47 MP: 9/9
  4016 | D:4      | Reached skill level 6 in Dodging
  4238 | D:5      | Entered Level 5 of the Dungeon
  4258 | D:5      | Found a shimmering blue altar of Sif Muna.
  4586 | D:5      | Found a basalt altar of Yredelemnul.
  4589 | D:5      | Found a shattered altar of Ashenzari.
  4590 | D:5      | Found a corrupted altar of Lugonu.
  4590 | D:5      | Found an opulent altar of Gozag.
  4590 | D:5      | Found an ornate altar of the Wu Jian Council.
  4591 | D:5      | Found a glowing golden altar of the Shining One.
  4657 | D:5      | Reached XP level 8. HP: 54/54 MP: 10/10
  4971 | D:5      | Found an iron altar of Okawaru.
  5085 | D:5      | Became a worshipper of Warmaster Okawaru
  5282 | D:5      | Found a staircase to the Ecumenical Temple.
  5507 | D:5      | Reached skill level 5 in Long Blades
  5507 | D:5      | Reached skill level 1 in Invocations
  5577 | D:5      | Reached skill level 7 in Dodging
  5791 | D:6      | Noticed Sigmund
  5871 | D:6      | Killed Sigmund
  5881 | D:6      | Noticed Pikel
  5911 | D:6      | Killed Pikel
  5911 | D:6      | Reached * piety under Okawaru
  5911 | D:6      | Reached skill level 5 in Fighting
  5911 | D:6      | Reached XP level 9. HP: 21/61 MP: 12/12
  6010 | D:6      | Killed Menkaure
  6103 | D:6      | Noticed Eustachio
  6118 | D:6      | Killed Eustachio
  6141 | D:6      | Reached ** piety under Okawaru
  6261 | D:6      | Noticed Prince Ribbit
  6303 | D:6      | Killed Prince Ribbit
  6303 | D:6      | Reached skill level 8 in Dodging
  6351 | D:6      | Found Nuoc's Magic Scroll Shoppe.
  6355 | D:6      | Bought a scroll of teleportation for 30 gold pieces
  6533 | D:6      | Found a sacrificial altar of Ru.
  6786 | D:6      | Found Agips's Assorted Antiques.
  6816 | D:7      | Noticed Joseph
  6833 | D:7      | Killed Joseph
  7194 | D:7      | Reached XP level 10. HP: 65/68 MP: 14/14
  7317 | D:7      | Reached *** piety under Okawaru
  7710 | D:8      | Found a stormy altar of Qazlal.
  7717 | D:8      | Noticed Grum
  7767 | D:8      | Killed Grum
  7771 | D:8      | Reached skill level 9 in Dodging
  8068 | D:8      | Reached **** piety under Okawaru
  8400 | D:8      | Found a hazy altar of Hepliaklqana.
  8686 | D:8      | Found a staircase to the Orcish Mines.
  8700 | D:8      | Found a roughly hewn altar of Beogh.
  8718 | D:8      | Reached skill level 5 in Invocations
  8973 | D:8      | Found a staircase to the Lair.
  9398 | D:9      | Reached XP level 11. HP: 74/74 MP: 16/16
  9629 | D:8      | Noticed a five-headed hydra
  9707 | D:9      | Reached skill level 10 in Dodging
  9951 | Lair:1   | Entered Level 1 of the Lair of Beasts
 10367 | Lair:1   | Noticed Erica
 10386 | Lair:1   | Killed Erica
 10667 | Lair:1   | Noticed a four-headed hydra
 10670 | Lair:1   | Reached ***** piety under Okawaru
 10687 | Lair:1   | Killed a one-headed hydra
 10687 | Lair:1   | Received a gift from Okawaru
 11042 | Lair:1   | Reached skill level 10 in Shields
 11200 | Lair:1   | Got a brightly glowing iron ring
 11201 | Lair:1   | Identified the ring "Kaylext" {SInv Stlth--} (You found it
                  | on level 1 of the Lair of Beasts)
 11396 | Lair:1   | Got a steaming amethyst amulet
 11397 | Lair:1   | Identified the cursed amulet of Jealousy {Inacc MP+9 Str-3
                  | Dex+3} (You found it on level 1 of the Lair of Beasts)
 11820 | Lair:1   | Reached XP level 12. HP: 37/82 MP: 16/18
 11964 | Lair:1   | Reached skill level 11 in Dodging
 12607 | Lair:2   | Reached skill level 10 in Long Blades
 12655 | Lair:2   | Found a staircase to the Shoals.
 12894 | Lair:2   | Noticed a five-headed hydra
 12907 | Lair:2   | Killed a one-headed hydra
 13828 | D:8      | Noticed a deep troll
 13832 | D:8      | Killed a one-headed hydra
 13832 | D:8      | Reached skill level 12 in Dodging
 13852 | D:8      | Killed a deep troll
 14155 | Lair:3   | Received a gift from Okawaru
 14155 | Lair:3   | Reached XP level 13. HP: 89/89 MP: 18/20
 14170 | Lair:3   | Reached ****** piety under Okawaru
 14216 | Lair:3   | Got a distressingly furry helmet {god gift}
 14227 | Lair:3   | Identified the +3 helmet of Rucumatzy {Int+5 Dex+4}
                  | (Okawaru gifted it to you on level 3 of the Lair of Beasts)
 14280 | Lair:3   | Found a frozen archway.
 14321 | IceCv    | Entered an ice cave
 15134 | IceCv    | Engulfed by a cloud of freezing vapour

Skill      XL: |  1  2  3  4  5  6  7  8  9 10 11 12 13 |
---------------+----------------------------------------+-----
Long Blades    | 1 2 3 4 5 6 8 9 10 11 | 11.0
Shields        | 4 5 7 8 9 10 11 | 11.5
Fighting       | 3 4 5 6 7 8 |  8.9
Dodging        | 5 6 7 8 9 10 12 | 12.4
Invocations    | 2 3 5 6 7 8 |  8.2
Short Blades   | |  2.0

Action                   |  1- 3 |  4- 6 |  7- 9 | 10-12 | 13-15 || total
-------------------------+-------+-------+-------+-------+-------++-------
Melee: Rapier            |   119 |       |       |       |       ||   119
       Dagger            |    28 |   204 |   630 |   779 |       ||  1641
       Unarmed           |       |    12 |       |       |       ||    12
       Scimitar          |       |       |       |   510 |   240 ||   750
Invok: Heroism           |       |       |       |    19 |     3 ||    22
       Finesse           |       |       |       |     1 |       ||     1
Evoke: Wand              |       |       |       |     6 |       ||     6
  Use: Scroll            |     1 |     6 |     9 |     7 |       ||    23
       Potion            |       |       |     1 |     1 |       ||     2
  Eat: Chunk             |     7 |     9 |    30 |    46 |     4 ||    96
       Ration            |       |       |       |     1 |     1 ||     2
Armor: Skin              |    32 |    13 |    71 |    75 |     8 ||   199
Dodge: Dodged            |    56 |    59 |   195 |   498 |    72 ||   880
Block: Medium shield     |    88 |    96 |   420 |  1375 |   287 ||  2266
       Other             |       |     2 |       |       |       ||     2
       Reflection        |       |       |       |     6 |    12 ||    18
